 Dungeon Crawl Stone Soup version 0.31-a0-1223-gfd5aef93c1 (webtiles) character file.

Game seed: 2230900868258648310

117056 MacCMillion the Severer (level 16, -7/149 HPs)
             Began as a Minotaur Fighter on Dec 14, 2023.
             Was a High Priest of Okawaru.
             Mangled by a bunyip (30 damage)
             ... on level 3 of the Swamp.
             The game lasted 00:50:56 (36887 turns).

MacCMillion the Severer (Minotaur Fighter)         Turns: 36887, Time: 00:50:57

Health: -7/149     AC: 21    Str: 32    XL:     16   Next: 22%
Magic:  22/22      EV: 10    Int:  5    God:    Okawaru [*****.]
Gold:   2756       SH: 14    Dex: 15    Spells: 15/15 levels left

rFire   + + .        S - +3 broad axe (freeze)
rCold   + . .        g - +0 kite shield
rNeg    + . .        d - +0 plate armour
rPois   .            U - +1 hat
rElec   +            i - scarf {rC+ rF+}
rCorr   .            R - +1 pair of gloves {Str+3}
SInv    .            M - +1 pair of boots of Okawaru's Indignation {Str+2}
Will    ++...        w - amulet of the acrobat Stlth
                     e - ring of Ezaeprof {Will+ Dex+3}
HPRegen 0.44/turn    N - ring "Myxtemut" {Fly rElec rF+ rN+}
MPRegen 0.18/turn

%: acrobat
@: about to teleport, flying
A: horns 2, retaliatory headbutt
a: Renounce Religion, Heroism, Finesse, Duel


You were on level 3 of the Swamp.
You worshipped Okawaru.
Okawaru was extremely pleased with you.
You visited 5 branches of the dungeon, and saw 26 of its levels.
You also visited: Ossuary.

You collected 3248 gold pieces.
You spent 492 gold pieces at shops.

Inventory:

Hand Weapons
 S - a +3 broad axe of freezing (weapon)
 T - a +2 eveningstar of holy wrath
Missiles
 a - 21 poisoned darts
 b - 28 boomerangs (quivered)
 B - 7 atropa-tipped darts
 L - 2 datura-tipped darts
 O - 16 curare-tipped darts
 Q - 9 silver javelins
 W - 10 javelins
 X - 4 throwing nets
Armour
 d - a +0 plate armour (worn)
 g - a +0 kite shield (worn)
 i - a scarf of resistance (worn)
 M - the +1 pair of boots of Okawaru's Indignation (worn) {Str+2}
   (You found it on level 3 of the Lair of Beasts)

   Str+2:     It affects your strength (+2).
 R - a +1 pair of gloves of strength (worn)
 U - a +1 hat (worn)
Jewellery
 e - the ring of Ezaeprof (left hand) {Will+ Dex+3}
   (You found it on level 5 of the Lair of Beasts)

   [ring of willpower]

   Dex+3:     It affects your dexterity (+3).
   Will+:     It increases your willpower.
 m - the ring "Kuyttar" {rC+++ rN+}
   (You found it on level 5 of the Lair of Beasts)

   [ring of positive energy]

   rC+++:     It renders you almost immune to cold.
   rN+:       It protects you from negative energy.
 t - a ring of willpower
 w - an amulet of the acrobat (around neck)
 x - a +6 ring of strength
 N - the ring "Myxtemut" (right hand) {Fly rElec rF+ rN+}
   (You found it on level 5 of the Lair of Beasts)

   [ring of flight]

   rF+:       It protects you from fire.
   rElec:     It insulates you from electricity.
   rN+:       It protects you from negative energy.
   Fly:       It grants you flight.
Wands
 c - a wand of light (38)
 p - a wand of roots (33)
 D - a wand of mindburst (22)
 V - a wand of digging (23)
Scrolls
 f - 7 scrolls of blinking
 h - 2 scrolls of revelation
 j - 2 scrolls of fog
 l - 6 scrolls of teleportation
 q - a scroll of enchant armour
 u - 5 scrolls of vulnerability
 v - a scroll of torment
 y - 4 scrolls of enchant weapon
 A - a scroll of silence
 C - 2 scrolls of poison
 E - 3 scrolls of fear
Potions
 k - 3 potions of lignification
 n - 3 potions of heal wounds
 o - a potion of berserk rage
 r - 6 potions of curing
 s - a potion of magic
 z - 3 potions of resistance {unknown}
 F - 5 potions of cancellation
 G - 4 potions of haste
 H - 2 potions of enlightenment
 I - 5 potions of attraction
 J - 4 potions of invisibility
 K - a potion of experience {unknown}
 P - 4 potions of mutation
 Y - 4 potions of ambrosia
 Z - 2 potions of might


   Skills:
 - Level 15.0 Fighting
 - Level 18.0 Axes
 + Level 10.4 Throwing
 + Level 12.5 Armour
 + Level 4.4 Dodging
 + Level 17.2 Shields
 - Level 10.0 Invocations


You had 15 spell levels left.
You didn't know any spells.
Your spell library contained the following spells:

 Spells                   Type           Power      Damage    Failure   Level
 Shock                    Conj/Air       0%         1d3       98%         1
 Cigotuvi's Dreadful Rot  Necr/Pois/Air  0%         N/A       99%         2
 Poisonous Vapours        Pois/Air       0%         N/A       99%         2
 Frozen Ramparts          Ice            0%         1d1       100%        3
 Ignite Poison            Fire/Tmut/Pois 0%         N/A       100%        3
 Mephitic Cloud           Conj/Pois/Air  0%         N/A       100%        3
 Swiftness                Air            0%         N/A       100%        3
 Airstrike                Air            0%         2d(0-16)  100%        4
 Anguish                  Hex/Necr       0%         N/A       100%        4
 Cause Fear               Hex            0%         N/A       100%        4
 Dimensional Bullseye     Hex/Tloc       0%         N/A       100%        4
 Dispel Undead            Necr           0%         3d6       100%        4
 Iskenderun's Mystic Bla  Conj/Tloc      0%         2d3       100%        4
 Petrify                  Tmut/Erth      0%         N/A       100%        4
 Freezing Cloud           Conj/Ice/Air   0%         6-21      100%        5
 Metabolic Englaciation   Hex/Ice        0%         N/A       100%        5
 Enfeeble                 Hex            0%         N/A       100%        7
 Tukima's Dance           Hex            Unusable   N/A       N/A         3
 Death Channel            Necr           Unusable   N/A       N/A         6

Dungeon Overview and Level Annotations

Branches:
Dungeon (15/15)            Temple (1/1) D:6            Lair (5/5) D:9
  Swamp (3/4) Lair:2       Spider (0/4) Lair:3        Slime (0/5) Lair:5
    Orc (2/2) D:9             Elf (0/3) Orc:2        Vaults (0/5) D:14
 Depths (0/4) D:15        Ossuary (visited)

Altars:
Ashenzari
Cheibriados
Dithmenos
Elyvilon
Fedhas
Gozag
Hepliaklqana
Kikubaaqudgha
Makhleb
Nemelex Xobeh
Okawaru
Qazlal
Ru
Sif Muna
Trog
Uskayaw
Vehumet
Wu Jian
Xom
Yredelemnul
Zin
The Shining One
Ignis
Jiyva

Shops:
D:8 [   D:13 *   Orc:2 ?[?[=

Portals:
Trove: D:10 (give 18 potions of curing)

Annotations:
Lair:1 exclusion: oklob plant
Swamp:1 3 runed translucent doors, Zuvyem's ghost, journeyman MiFi
Swamp:3 Roxanne


Innate Abilities, Weirdness & Mutations

You have a pair of horns on your head.
You reflexively headbutt those who attack you in melee.


Message History

The spriggan rider blocks your attack. You block the spriggan rider's attack.
The bunyip howls a warning cry!
The spriggan druid hits you but does no damage.
You block the swamp worm's attack.
You hit the spriggan druid. You freeze the spriggan druid.
Your headbutt misses the spriggan druid.
The spriggan druid is severely wounded.
You slash the swamp worm! You freeze the swamp worm.
You barely miss the spriggan rider. You slash the bunyip!
You freeze the bunyip. You block the bunyip's attack. The bunyip claws you!!
The bunyip claws you but does no damage.
The spriggan rider barely misses you.
The spriggan rider hits you but does no damage.
You slice the spriggan druid!! You freeze the spriggan druid.
With its final breath, the spriggan druid offers up its power to the beasts of the wild!
The bunyip is healed.
The swamp worm is healed.
The bunyip seems to grow more fierce. x2
The swamp worm seems to grow more fierce.
You kill the spriggan druid!
Okawaru accepts your kill.
You closely miss the spriggan rider. You slash the bunyip!
You freeze the bunyip. You slash the swamp worm! You freeze the swamp worm.
You block the swamp worm's attack.
The eleionoma flows through the trees.
The spriggan rider barely misses you.
You miss the swamp worm. Your headbutt misses the swamp worm.
The swamp worm is severely wounded.
You miss the spriggan rider. You slash the eleionoma! You freeze the eleionoma!
You slash the bunyip! You freeze the bunyip. The swamp worm bites you!
The spriggan rider hits you from afar with a +1 heavy spear!
The eleionoma hurls a spray of splinters at you.
The spray of wooden splinters hits you!
* * * LOW HITPOINT WARNING * * *
As you read the scroll of teleportation, it crumbles to dust.
You feel strangely unstable. The swamp worm bites you!!
* * * LOW HITPOINT WARNING * * *
You block the spriggan rider's attack.
The eleionoma hits you but does no damage.
You block the bunyip's attack. The bunyip closely misses you.
The bunyip claws you!!
You die...

^~~~~.♣♣♣.~§~w.~~~
.....~♣ ♣~~~~~~.!~~♣♣♣.~
♣...~♣♣ ♣~~~~.♣♣~....♣~~
♣♣...^♣ ♣.~~~.~♣♣..~~~~~
....~~♣ ♣♣♣...♣♣...~~~~.
~.~~..♣ ..♣~~~~~~~~..
..♣♣♣♣♣♣♣♣♣~♣♣~~~~~~~..♣
.♣♣♣.~~...♣♣ ♣~~xx~?..~♣
.♣♣♣~~~~~~.♣♣♣†i@w....♣
....~~~~~~.~♣~..R)..~♣♣
....~~~~~~>♣....♣♣i.♣~~~
~~~~~~~~~.~~†~...♣♣♣♣ .
~~~.~~~~~~~~†~~..♣
.~~.~.>.~~~~~~~§~.~~
♣..♣♣♣♣~~~~..~~~~~~~.
♣♣♣♣ ♣♣.~~...~~~~..♣
♣♣♣♣♣♣♣.[.♣♣♣♣


You could see 2 bunyips, an eleionoma, 2 spriggan riders and a swamp worm
(strong).

Vanquished Creatures
  Rupert (Lair:3)
  Gastronok (Lair:2)
  Aizul (Swamp:1)
  2 fenstrider witches
  The ghost of peterlawrence the Warrior, a journeyman MiFi of Okawaru (Lair:3)
  An ironbound preserver (D:14)
  A bunyip (Swamp:2)
  4 eleionomae
  3 dire elephants (Lair:5)
  Josephine (Orc:2)
  An ettin (D:12)
  Fannar (D:12)
  A rakshasa (D:15)
  9 hydras
  2 alligators (Swamp:1)
  6 boulder beetles
  7 centaur warriors
  8 two-headed ogres
  An orc high priest (Orc:2)
  7 death yaks
  Urug (Lair:3)
  A deep troll earth mage (D:12)
  Sonja (D:12)
  3 spriggans
  A hell knight (D:12)
  A spectral anaconda (Lair:5)
  2 goliath frogs
  A skyshark (Lair:5)
  An arcanist (D:14)
  An obsidian statue (Lair:5)
  A bog body (Swamp:1)
  3 spriggan druids
  A harpy (shapeshifter) (D:14)
  A deep elf zephyrmancer (D:15)
  6 necromancers
  2 orc knights
  4 deep elf pyromancers
  6 ugly things
  4 orc sorcerers
  2 manticores
  2 cyclopes
  13 elephants
  4 black mambas
  6 kobold blastminers (Orc:2)
  A dire elephant zombie (Lair:5)
  A centaur skeleton (D:15)
  Joseph (D:7)
  2 gargoyles
  13 cane toads
  3 rime drakes
  8 komodo dragons
  3 efreet
  A queen bee (Lair:3)
  3 tengu conjurers (D:15)
  6 meliai
  2 trolls
  7 polar bears
  6 hornets
  A wolf spider simulacrum (D:15)
  18 blink frogs
  5 tyrant leeches
  11 slime creatures
  2 jumping spiders
  6 wraiths
  2 shadows
  83 yaks
  5 culicivoras
  7 wyverns
  3 basilisks
  5 vampire mosquitoes
  3 redbacks (Lair:3)
  A spectral cane toad (Lair:5)
  13 swamp worms
  10 wargs
  An acid dragon (D:11)
  11 water moccasins
  An ice beast (D:6)
  A sky beast (D:8)
  A hornet zombie (D:15)
  4 black bears
  28 orc warriors
  12 wolves
  2 ogres
  A boggart (D:12)
  19 centaurs
  3 phantoms
  13 bullfrogs
  3 kobold brigands
  A gnoll sergeant (D:11)
  5 scorpions
  10 wights
  25 killer bees
  6 howler monkeys
  2 centaur zombies (Ossuary)
  4 hounds
  12 orc priests
  3 jellies
  2 iguanas
  19 orc wizards
  2 polar bear simulacra (Lair:4)
  2 yak simulacra (Lair:4)
  5 wolf simulacra (Lair:4)
  5 mummies (Ossuary)
  7 adders
  8 gnolls
  A river rat (Lair:4)
  A white imp (D:6)
  A worm (D:3)
  2 dart slugs
  54 orcs
  3 bats
  6 endoplasms
  2 giant cockroaches
  9 goblins
  10 hobgoblins
  5 jackals
  4 quokkas
  5 ball pythons
  A frilled lizard (D:3)
  3 hobgoblin zombies (Ossuary)
  11 kobolds
  3 rats (D:3)
  2 river rat simulacra (Lair:4)
700 creatures vanquished.

Vanquished Creatures (others)
  A tengu conjurer (D:15)
  3 bloated husks
  A tyrant leech (Swamp:2)
  A swamp worm (Swamp:2)
6 creatures vanquished.

Grand Total: 706 creatures vanquished

Notes
Turn   | Place    | Note
-------+----------+-------------------------------------------
     0 | D:1      | MacCMillion the Minotaur Fighter began the quest for the
                  | Orb.
     0 | D:1      | Reached XP level 1. HP: 19/19 MP: 0/0
   172 | D:1      | Reached skill level 3 in Axes
   172 | D:1      | Reached XP level 2. HP: 23/26 MP: 1/1
   784 | D:2      | Found a sacrificial altar of Ru.
   795 | D:2      | Reached skill level 4 in Axes
   795 | D:2      | Reached XP level 3. HP: 30/31 MP: 2/2
   852 | D:2      | Found a faded altar of an unknown god.
  1025 | D:2      | Identified the +0 scale mail of Taxaerox {Will+}
  1483 | D:3      | Reached skill level 5 in Axes
  1487 | D:3      | Reached XP level 4. HP: 39/39 MP: 3/3
  1745 | D:3      | Found a shadowy altar of Dithmenos.
  1746 | D:3      | Found a basalt altar of Yredelemnul.
  1747 | D:3      | Found a glowing golden altar of the Shining One.
  1747 | D:3      | Found a burning altar of Makhleb.
  1916 | D:3      | Found a broken altar of Ashenzari.
  2120 | D:3      | Reached skill level 6 in Axes
  2120 | D:3      | Reached XP level 5. HP: 45/45 MP: 4/4
  2455 | D:4      | Reached skill level 7 in Axes
  2522 | D:4      | Noticed a phantom
  2544 | D:4      | Killed a phantom
  2545 | D:4      | Reached XP level 6. HP: 49/51 MP: 5/5
  2643 | D:4      | Reached skill level 8 in Axes
  3067 | D:5      | Entered Level 5 of the Dungeon
  3284 | D:5      | Reached skill level 9 in Axes
  3284 | D:5      | Reached XP level 7. HP: 51/57 MP: 6/6
  3984 | D:6      | Reached skill level 10 in Axes
  3994 | D:6      | Found a radiant altar of Vehumet.
  4034 | D:6      | Reached skill level 1 in Dodging
  4107 | D:6      | Reached XP level 8. HP: 66/66 MP: 7/7
  4612 | D:6      | Found a sand-covered staircase.
  4621 | Ossuary  | Entered an ossuary
  4783 | Ossuary  | Reached skill level 5 in Shields
  4873 | D:6      | Found a staircase to the Ecumenical Temple.
  5079 | D:6      | Reached skill level 5 in Armour
  5440 | D:7      | Reached skill level 5 in Fighting
  5719 | D:7      | Noticed a cyclops
  5737 | D:7      | Killed a cyclops
  6201 | D:7      | Found a hide-covered altar of Uskayaw.
  6269 | D:7      | Found a snail-covered altar of Cheibriados.
  6450 | D:7      | Noticed Joseph
  6465 | D:7      | Killed Joseph
  6466 | D:7      | Reached skill level 11 in Axes
  6466 | D:7      | Reached XP level 9. HP: 22/75 MP: 8/8
  6572 | Temple   | Entered the Ecumenical Temple
  6669 | Temple   | Became a worshipper of Warmaster Okawaru
  7204 | D:7      | Reached * piety under Okawaru
  7359 | D:8      | Found Casmefra's Antique Armour Shoppe.
  7364 | D:8      | Bought a warped chain mail for 228 gold pieces
  7364 | D:8      | Identified the +0 chain mail of Unambiguity {rC+ rN+ Dex+5
                  | Stlth+} (You bought it in a shop on level 8 of the Dungeon)
  7424 | D:8      | Reached ** piety under Okawaru
  7428 | D:8      | Reached skill level 12 in Axes
  7428 | D:8      | Reached XP level 10. HP: 13/88 MP: 9/9
  8031 | D:8      | Found a stormy altar of Qazlal.
  8143 | D:9      | Noticed a two-headed ogre
  8189 | D:9      | Killed a two-headed ogre
  8190 | D:9      | Noticed a centaur warrior
  8204 | D:9      | Killed a centaur warrior
  8204 | D:9      | Reached *** piety under Okawaru
  8862 | D:9      | Found a staircase to the Orcish Mines.
  9233 | D:9      | Reached **** piety under Okawaru
  9260 | D:9      | Reached skill level 13 in Axes
  9601 | D:9      | Noticed a two-headed ogre
  9614 | D:9      | Killed a two-headed ogre
  9615 | D:9      | Reached XP level 11. HP: 8/97 MP: 10/10
  9894 | D:9      | Noticed a two-headed ogre
  9903 | D:9      | Killed a two-headed ogre
 10514 | D:9      | Found a staircase to the Lair.
 10607 | D:10     | Entered Level 10 of the Dungeon
 10894 | D:10     | Reached skill level 10 in Shields
 10905 | D:10     | Reached ***** piety under Okawaru
 10906 | D:10     | Reached skill level 10 in Fighting
 10906 | D:10     | Reached skill level 10 in Armour
 11266 | D:10     | Reached skill level 14 in Axes
 11627 | D:10     | Found the amulet of Vitality {RegenMP++ Regen++}
 11628 | D:10     | Noticed a tengu warrior
 11628 | D:10     | Noticed a deep elf pyromancer
 11628 | D:10     | Noticed a centaur warrior
 11678 | D:10     | Noticed an ogre mage
 11678 | D:10     | Noticed a five-headed hydra
 11679 | D:10     | Noticed a tengu warrior
 11705 | D:10     | Found a shimmering altar of Xom.
 11758 | D:10     | Noticed an entropy weaver
 11758 | D:10     | an entropy weaver changed into something unseen
 11781 | D:10     | Found a portal to a secret trove of treasure.
 12338 | D:11     | Received a gift from Okawaru
 12339 | D:11     | Reached skill level 15 in Axes
 12714 | D:11     | You fall into a shaft and drop 1 floor!
 12980 | D:11     | Noticed a two-headed ogre
 12995 | D:11     | Killed a two-headed ogre
 13086 | D:11     | Reached skill level 16 in Axes
 13606 | Lair:1   | Entered Level 1 of the Lair of Beasts
 13673 | D:9      | Received a gift from Okawaru
 13919 | D:9      | Reached skill level 1 in Invocations
 13919 | D:9      | Reached XP level 12. HP: 54/106 MP: 9/12
 14519 | Lair:1   | Noticed a boulder beetle
 15012 | Lair:1   | Reached skill level 5 in Invocations
 15033 | Lair:1   | Killed a boulder beetle
 15645 | Lair:1   | Found a blossoming altar of Fedhas.
 15820 | Lair:1   | Identified the +1 robe "Ecimuak" {Rampage}
 16324 | Lair:2   | Noticed a death yak
 16324 | Lair:2   | Noticed a death yak
 16324 | Lair:2   | Noticed a death yak
 16337 | Lair:1   | Killed a death yak
 16337 | Lair:1   | Received a gift from Okawaru
 16379 | Lair:2   | Noticed a death yak
 16398 | Lair:1   | Killed a death yak
 16841 | Lair:2   | Reached skill level 1 in Throwing
 17026 | Lair:2   | Noticed Gastronok
 17053 | Lair:2   | Killed Gastronok
 17135 | Lair:2   | Reached skill level 5 in Throwing
 17304 | Lair:2   | You fall into a shaft and drop 2 floors!
 17373 | Lair:3   | Noticed Rupert
 17393 | Lair:3   | Killed Rupert
 17393 | Lair:3   | Received a gift from Okawaru
 17987 | Lair:3   | Reached XP level 13. HP: 114/114 MP: 18/18
 18181 | Lair:3   | Found a transporter.
 18182 | Lair:3   | Found a transporter.
 18450 | Lair:2   | Reached ****** piety under Okawaru
 18450 | Lair:2   | Received a gift from Okawaru
 18767 | Lair:2   | Acquired a +2 broad axe of freezing
 18767 | Lair:2   | Received a gift from Okawaru
 18971 | Lair:2   | Found a staircase to the Swamp.
 18971 | Lair:2   | Noticed an eleionoma
 18977 | Lair:2   | Killed an eleionoma
 19791 | Lair:3   | Found a hole to the Spider Nest.
 19941 | Lair:3   | Identified the +1 pair of boots of Okawaru's Indignation
                  | {Str+2}
 19988 | Lair:3   | Noticed peterlawrence's ghost (journeyman MiFi)
 20178 | Lair:3   | Noticed Urug
 20194 | Lair:3   | Killed Urug
 20777 | Lair:3   | Received a gift from Okawaru
 21109 | Lair:4   | Identified the +1 robe "Bataddon" {^Contam +Blink Will+
                  | Str+4}
 21168 | Lair:4   | Reached skill level 17 in Axes
 22006 | Lair:5   | Entered Level 5 of the Lair of Beasts
 22286 | Lair:5   | Received a gift from Okawaru
 22642 | Lair:5   | Noticed a dire elephant
 22642 | Lair:5   | Noticed a dire elephant
 22642 | Lair:5   | Noticed a dire elephant
 22651 | Lair:5   | Reached XP level 14. HP: 102/127 MP: 19/19
 23044 | Lair:5   | Found a viscous altar of Jiyva.
 23200 | Lair:5   | Received a gift from Okawaru
 23205 | Lair:5   | Found a staircase to the Slime Pits.
 23872 | Lair:5   | Reached skill level 18 in Axes
 24045 | Lair:5   | Identified the ring of Ezaeprof {Will+ Dex+3}
 24046 | Lair:5   | Identified the ring "Myxtemut" {Fly rElec rF+ rN+}
 24560 | Lair:5   | Found a viscous altar of Jiyva.
 24560 | Lair:5   | Found a staircase to the Slime Pits.
 24950 | Lair:5   | Identified the ring "Kuyttar" {rC+++ rN+}
 25145 | Orc:1    | Entered Level 1 of the Orcish Mines
 25252 | Orc:1    | Received a gift from Okawaru
 25617 | Orc:2    | Entered Level 2 of the Orcish Mines
 25617 | Orc:2    | Found Gotri's Jewellery Boutique.
 25957 | Orc:2    | Found a staircase to the Elven Halls.
 25969 | Orc:2    | Noticed Josephine
 25977 | Orc:2    | Killed Josephine
 26269 | Orc:2    | Found Pima's Magic Scroll Emporium.
 26269 | Orc:2    | Found Ocsah's Armour Boutique.
 26272 | Orc:2    | Found Obalut's Antique Armour Shoppe.
 26274 | Orc:2    | Found Vutyg's Magic Scroll Shop.
 26678 | Orc:2    | Bought a scroll of identify for 36 gold pieces
 26678 | Orc:2    | Bought a scroll of identify for 36 gold pieces
 26678 | Orc:2    | Bought a scroll of identify for 36 gold pieces
 26678 | Orc:2    | Bought a scroll of identify for 36 gold pieces
 26678 | Orc:2    | Bought a scroll of identify for 36 gold pieces
 26678 | Orc:2    | Bought a scroll of identify for 36 gold pieces
 26681 | Orc:2    | Identified a scroll of acquirement
 26940 | D:12     | Noticed Fannar
 26952 | D:12     | Killed Fannar
 27567 | D:12     | Noticed Sonja
 27573 | D:12     | Reached XP level 15. HP: 123/138 MP: 18/21
 27574 | D:12     | Killed Sonja
 27575 | D:12     | Reached skill level 10 in Invocations
 27909 | D:12     | Received a gift from Okawaru
 28651 | D:13     | Found Duph's General Store.
 28659 | D:13     | Bought a scroll of immolation for 48 gold pieces
 29812 | D:14     | Found a gate to the Vaults.
 29938 | D:14     | Received a gift from Okawaru
 30073 | D:14     | Reached skill level 15 in Fighting
 30073 | D:14     | Reached skill level 15 in Shields
 31075 | D:14     | Found a shimmering altar of Xom.
 31075 | D:14     | Found a shimmering altar of Xom.
 31075 | D:14     | Found a shimmering altar of Xom.
 31077 | D:14     | Found a shimmering altar of Xom.
 31078 | D:14     | Found a shimmering altar of Xom.
 31079 | D:14     | Found a shimmering altar of Xom.
 31081 | D:14     | Found a shimmering altar of Xom.
 31224 | D:15     | Entered Level 15 of the Dungeon
 31649 | Lair:3   | Killed peterlawrence's ghost
 31988 | Lair:3   | Acquired 954 gold pieces
 32244 | D:15     | Received a gift from Okawaru
 32762 | D:15     | Reached skill level 10 in Throwing
 32780 | D:15     | Found a staircase to the Depths.
 33008 | D:15     | Found a glowing silver altar of Zin.
 33217 | Swamp:1  | Entered Level 1 of the Swamp
 33234 | Swamp:1  | Noticed a fenstrider witch
 33248 | Swamp:1  | Killed a fenstrider witch
 33671 | Swamp:1  | Identified the serpent talisman of a Gauntlet {rElec rC+
                  | Stlth-}
 33671 | Swamp:1  | Noticed Aizul
 33691 | Swamp:1  | Killed Aizul
 34319 | Swamp:1  | Found a runed translucent gate.
 34642 | Swamp:1  | Found a runed translucent gate.
 34643 | Swamp:1  | Found a runed translucent gate.
 34644 | Swamp:1  | Noticed Zuvyem's ghost (journeyman MiFi)
 35005 | Swamp:2  | Noticed a fenstrider witch
 35017 | Swamp:2  | Killed a fenstrider witch
 35018 | Swamp:2  | Reached XP level 16. HP: 148/149 MP: 22/22
 35608 | Swamp:2  | Received a gift from Okawaru
 36421 | Swamp:3  | Noticed Roxanne
 36887 | Swamp:3  | Mangled by a bunyip

Illustrated notes

Levels and vault maps discovered:
D:1:      dpeg_arrival_three_same_balls, layout_loops_ring, minivault_24
D:2:      layout_basic, dreamdust_ecumenical_altar_hidden_monk_grotto,
          basic_altar, kennysheep_another_room, minmay_pentomino_p2
D:3:      layout_basic, mainiacjoe_overflow_alcove_3,
          cheibrodos_ashenzari_chains
D:4:      layout_basic, st_stairs_1, minmay_misc_feat_room
D:5:      layout_loops_corners, kennysheep_small_spiral
D:6:      layout_basic, vehumet_crystals, minmay_temple_entry_drinking_statues,
          mainiacjoe_ossuary_entry_dusty_tomb, kennysheep_generic_room_13
D:7:      layout_layer_cave, cheibriados_altar_1, overflow_temple_1_default,
          uniq_joseph
D:8:      layout_basic, kennysheep_mini_moat, serial_shops, shop
D:9:      layout_basic, erik_lair_orcish_takeover, orc_0_dummy,
          chequers_serial_rivers_room_b
D:10:     layout_cave_pools, mainiacjoe_overflow_catwalk,
          nicolae_trove_entry_columns, minivault_12
D:11:     layout_stronghold
D:12:     minmay_textured_paths, layout_basic, minmay_unpleasant_kobolds,
          uniq_fannar, uniq_sonja
D:13:     layout_stronghold, serial_shops, shop
D:14:     layout_roguey, skrybe_vaults_entry_preservation, xom_redecorated
D:15:     grunt_enter_depths_magical_seal, layout_basic, abandoned_shop,
          zin_treasury
Temple:   pdpol_scorched_temple
Lair:1:   layout_hall_layers, tgw_fedhas, grunt_megastairs_2,
          infiniplex_staircase_pool, lemuel_fruit_fields
Lair:2:   layout_regular_city, alex1729_swamp_entry_worm_eleionoma,
          lemuel_fruit_fields, uniq_gastronok
Lair:3:   layout_concentric_octagons, nicolae_spider_entry_tight_spaces,
          gammafunk_ghost_hive, cheibrodos_lair_lostbears, uniq_urug,
          uniq_rupert
Lair:4:   layout_hall_layers, chequers_serial_rivers_room_b,
          eino_house_with_fridge
Lair:5:   due_jungle_book, layout_misc_corridors, slime_entry_1
Swamp:1:  layout_basic_swamp, gammafunk_ghost_hydra_chop,
          nicolae_swamp_well_well_well, uniq_aizul
Swamp:2:  layout_falls_marsh, evilmike_swamp_ruin_rubble_2, swamp_pool_1_2
Swamp:3:  layout_basic_swamp, nicolae_swamp_very_dense_foliage, uniq_mlioglotl,
          uniq_roxanne
Orc:1:    layout_caves
Orc:2:    st_orc_rangers, layout_diamond_mine, serial_shops, shop,
          nicolae_orc_tapped_out, uniq_josephine

Skill      XL: |  1  2  3  4  5  6  7  8  9 10 11 12 13 14 15 16 |
---------------+-------------------------------------------------+-----
Axes           | 3 4 5 6 7 9 10 11 12 13 16 17 18 | 18.0
Shields        | 4 6 7 9 10 12 14 16 17 | 17.2
Armour         | 4 6 7 9 10 12 | 12.5
Fighting       | 4 6 7 9 10 12 14 15 | 15.0
Dodging        | 1 3 4 |  4.4
Invocations    | 1 8 9 10 | 10.0
Throwing       | 6 7 10 | 10.4

Action                     |  1- 3 |  4- 6 |  7- 9 | 10-12 | 13-15 | 16-18 || total
---------------------------+-------+-------+-------+-------+-------+-------++-------
  Melee: War axe           |    90 |   111 |   232 |   433 |       |       ||   866
         Headbutt          |    15 |    19 |    56 |   149 |   267 |    25 ||   531
         Broad axe         |       |       |       |   182 |  1050 |    78 ||  1310
         Trident           |       |       |       |       |     6 |       ||     6
         Eveningstar       |       |       |       |       |    17 |    15 ||    32
  Throw: Dart              |       |       |       |    12 |     2 |       ||    14
         Javelin           |       |       |       |       |     4 |       ||     4
         Boomerang         |       |       |       |       |     5 |     6 ||    11
 Invoke: Heroism           |       |       |       |     5 |    11 |       ||    16
         Finesse           |       |       |       |     1 |     4 |       ||     5
         Receive Weapon    |       |       |       |       |     1 |       ||     1
    Use: Scroll            |       |     1 |     2 |    12 |    19 |     1 ||    35
         Potion            |       |       |     1 |     2 |     2 |       ||     5
 Armour: Scale mail        |    66 |       |       |       |       |       ||    66
         Chain mail        |     3 |    72 |   143 |   163 |       |       ||   381
         Plate armour      |       |       |       |   320 |   613 |    92 ||  1025
         Skin              |       |       |       |     8 |       |       ||     8
  Dodge: Dodged            |    50 |    39 |    69 |   224 |   366 |    57 ||   805
  Block: Buckler           |    25 |    26 |    20 |       |       |       ||    71
         Kite shield       |       |       |    56 |   385 |   644 |    83 ||  1168

Table legend: (Time is in decaauts)
 A = Elapsed time spent in this place.
 B = Non-inter-level travel time spent in this place.
 C = Inter-level travel time spent in this place.
 D = Time resting spent in this place.
 E = Time spent auto-exploring this place.
 F = Levels seen in this place.
 G = Mean time per level.
                   A        B        C        D        E       F      G
               +--------+--------+--------+--------+--------+-----+--------+
         Total |  36673 |  34361 |   2312 |  13353 |  16575 |  27 | 1358.3 |
       Dungeon |  20819 |  19521 |   1298 |   7345 |   9741 |  15 | 1387.9 |
        Temple |    110 |     99 |     11 |     84 |      0 |   1 |  110.0 |
          Lair |  10829 |   9966 |    863 |   3484 |   5155 |   5 | 2165.8 |
         Swamp |   3073 |   2982 |     91 |   1787 |    831 |   3 | 1024.3 |
  Orcish Mines |   1641 |   1593 |     48 |    547 |    822 |   2 |  820.5 |
       Ossuary |    199 |    199 |      0 |    105 |     26 |   1 |  199.0 |
               +--------+--------+--------+--------+--------+-----+--------+

Top non-repeatable levels by time:
     D:9: 4542 daAuts
  Lair:5: 2870 daAuts
  Lair:2: 2648 daAuts
  Lair:3: 2252 daAuts
     D:7: 1681 daAuts
  Lair:1: 1669 daAuts
     D:8: 1633 daAuts
 Swamp:1: 1589 daAuts
    D:14: 1541 daAuts
    D:11: 1493 daAuts
    D:12: 1396 daAuts
  Lair:4: 1388 daAuts
    D:13: 1172 daAuts
    D:10: 1161 daAuts
     D:5: 1137 daAuts
